Map: Ley Lines

Players

Maru - Winner!

  • Race: Terran Terran
  • Spawn Location: 1:00

Reynor

  • Race: Zerg Zerg
  • Spawn Location: 7:00

Event: Esports World Cup 2025

VOD

Have the link to the VOD?

Description

Time

  • Played on: July 23, 2025, 10:36 a.m.
  • Length: 11:55

All games in this series

Show
View Real Time Build Order
Export as new Build Order

Maru Terran - Winner!

Build Orders:  

Get SALT Encoding   

  12  0:00  SCV  
  13  0:12  SCV  
  14  0:17  Supply Depot  
  14  0:24  SCV  
  15  0:39  SCV  
  15  0:40  Barracks  
  16  0:43  Refinery  
  16  0:51  SCV  
  17  0:58  Barracks  
  17  1:03  SCV  
  18  1:15  SCV  
  19  1:27  Orbital Command, Reaper  
  20  1:34  Supply Depot  
  20  1:47  Reaper  
  21  1:53  SCV  
  22  2:03  Reaper  
  22  2:05  SCV  
  24  2:10  Command Center  
  24  2:17  SCV  
  24  2:20  Refinery  
  26  2:29  SCV  
  26  2:39  Factory  
  26  2:41  SCV  
  27  2:54  SCV  
  27  2:57  Command Center, Barracks Reactor  
  28  3:03  Barracks Tech Lab  
  28  3:06  SCV  
  29  3:18  SCV  
  30  3:21  Orbital Command  
  30  3:30  Engineering Bay x2, SCV  
  31  3:41  Hellion  
  31  3:42  SCV  
  31  3:43  Hellion  
  31  3:46  Barracks Reactor  
  31  3:47  SCV  
  37  3:53  Marine  
  37  3:54  SCV  
  39  3:56  Terran Infantry Weapons Level 1  
  39  3:57  Terran Infantry Armor Level 1  
  39  4:00  SCV  
  40  4:05  Hellion  
  40  4:08  SCV  
  43  4:10  Orbital Command  
  43  4:14  Hellion  
  43  4:16  Stimpack  
  45  4:18  SCV  
  45  4:21  SCV  
  47  4:24  Marine x2  
  47  4:30  Starport, SCV  
  50  4:33  SCV  
  50  4:36  Supply Depot  
  51  4:40  Hellion x2  
  51  4:42  SCV  
  51  4:44  Orbital Command  
  51  4:45  Marine, SCV  
  58  4:46  Marine  
  58  4:47  Marine  
  60  4:55  SCV  
  60  4:58  Supply Depot, SCV, Armory  
  62  5:04  Marine x2  
  62  5:05  Marine  
  62  5:07  SCV  
  66  5:10  SCV  
  66  5:11  SCV  
  68  5:16  Supply Depot  
  68  5:19  Medivac x2  
  72  5:21  Supply Depot  
  72  5:22  Marine x2  
  72  5:23  Marine  
  72  5:25  SCV  
  72  5:26  Refinery, SCV  
  77  5:36  Supply Depot  
  77  5:37  Hellion  
  77  5:40  Marine x2, SCV  
  77  5:41  Marine  
  82  5:46  Barracks  
  82  5:47  SCV  
  83  5:53  Barracks  
  83  5:56  SCV  
  84  5:57  Marine  
  84  5:58  Barracks, Combat Shield  
  84  6:00  Factory Tech Lab  
  84  6:01  Marine x2  
  84  6:03  SCV x2  
  89  6:08  SCV  
  89  6:10  Terran Infantry Weapons Level 2  
  90  6:14  Terran Infantry Armor Level 2  
  90  6:15  Marine  
  91  6:18  SCV  
  91  6:20  Marine x2  
  91  6:28  SCV  
  91  6:31  Siege Tank  
  95  6:33  Marine  
  95  6:37  SCV  
  97  6:44  Marine x2  
  97  6:46  Barracks Reactor x2  
  82  6:49  SCV  
  82  6:51  Barracks, Marine  
  82  6:52  Barracks  
  82  6:53  SCV  
  82  6:54  Barracks  
  84  6:55  Barracks Reactor  
  84  6:56  Supply Depot  
  84  6:58  Refinery  
  84  6:59  SCV  
  85  7:02  Marine  
  85  7:03  Marine  
  85  7:05  Siege Tank  
  85  7:07  SCV x2  
  92  7:09  Marine  
  92  7:11  SCV  
  94  7:18  Supply Depot x2, Medivac  
  94  7:19  Marine  
  94  7:21  Marine, SCV x2  
  100  7:23  Marine x4, SCV  
  100  7:26  Medivac  
  107  7:30  Supply Depot  
  107  7:31  Supply Depot  
  107  7:39  Marine x5  
  107  7:40  Siege Tank  
  115  7:45  Marine x5  
  115  7:46  Marine x2  
  121  7:56  Marine x2  
  121  7:57  Marine x3  
  125  7:59  Medivac  
  125  8:03  Marine x6  
  133  8:05  Supply Depot  
  133  8:06  Supply Depot x2  
  133  8:07  Marine  
  133  8:08  Medivac  
  133  8:12  Siege Tank  
  138  8:14  Marine x2  
  138  8:15  Marine  
  141  8:22  Marine x6  
  141  8:23  Marine x2  
  141  8:26  Supply Depot  
  149  8:27  Marine  
  149  8:32  Marine, Terran Infantry Weapons Level 3  
  149  8:34  Marine x2  
  151  8:40  Marine x3  
  155  8:42  Marine  
  155  8:43  Marine  
  155  8:44  Marine  
  155  8:46  Marine x2  
  155  8:47  Marine  
  161  8:51  Terran Infantry Armor Level 3  
  161  8:52  Marine x3  
  162  8:58  Marine x3  
  162  9:00  Marine x2  
  162  9:02  Marine  
  167  9:05  Supply Depot, Marine x3  
  167  9:09  Marine  
  166  9:11  Marine  
  166  9:15  Medivac x2  
  166  9:16  Marine, Siege Tank  
  166  9:17  Command Center  
  176  9:18  SCV  
  176  9:20  Marine x2  
  176  9:23  Marine  
  176  9:24  Marine  
  181  9:26  Marine  
  181  9:31  Marine x3  
  183  9:35  Marine x2  
  183  9:36  Marine x2  
  189  9:39  Marine  
  189  9:44  Marine  
  189  9:45  Marine  
  182  9:46  Marine x2  
  182  9:48  Marine, Siege Tank  
  182  9:49  Marine  
  182  9:51  Marine  
  185  9:53  Marine x2  
  185  9:54  Marine  
  185  9:57  Marine  
  185  9:58  Marine  
  185  10:02  Orbital Command  
  155  10:28  Marine  
  141  10:30  Marine x3  
  141  10:33  Marine  
  141  10:42  Marine x3  
  141  10:43  Marine x2, Siege Tank, SCV x3, Medivac x2  
  141  10:48  Marine  
  157  10:50  Marine  
  157  10:51  Marine x2  
  157  10:54  Marine x2  
  138  10:59  Orbital Command, Marine  
  138  11:00  Marine  
  138  11:04  Marine x2  
  137  11:10  Marine x3  
  136  11:12  Marine x3  
  136  11:15  Siege Tank  
  136  11:16  Marine x2  
  136  11:17  Marine  
  144  11:21  Marine  
  144  11:22  Marine x2  
  147  11:28  Marine x3  
  147  11:30  Marine x2  
  147  11:31  Marine  
  135  11:33  Marine  
  135  11:35  Marine  
Show
View Real Time Build Order
Export as new Build Order

Reynor Zerg 

Build Orders: Hatch First 

Get SALT Encoding   

  12  0:00  Drone  
  13  0:07  Drone  
  13  0:14  Drone, Extractor  
  13  0:21  Overlord  
  15  0:39  Drone  
  16  0:44  Hatchery  
  16  0:48  Drone  
  16  0:52  Drone  
  16  0:55  Drone  
  18  1:06  Extractor  
  18  1:11  Spawning Pool  
  16  1:13  Drone  
  16  1:17  Drone  
  18  1:26  Drone  
  19  1:37  Drone  
  20  1:47  Drone  
  21  1:58  Zergling x2, Queen x2  
  21  1:59  Zergling x2  
  27  2:09  Drone, Overlord  
  28  2:18  Drone, Extractor  
  28  2:28  Drone  
  28  2:29  Drone  
  30  2:30  Drone  
  30  2:33  Queen  
  33  2:42  Hatchery  
  32  2:48  Zergling x2  
  32  2:49  Drone  
  34  2:51  Overlord  
  34  2:53  Drone  
  35  3:00  Drone  
  36  3:08  Metabolic Boost  
  36  3:09  Overlord  
  36  3:10  Drone x2  
  36  3:11  Drone  
  39  3:17  Drone x2  
  41  3:28  Hatchery  
  41  3:30  Drone  
  41  3:32  Drone x2  
  41  3:33  Drone x2  
  45  3:36  Queen  
  45  3:41  Overlord  
  47  3:42  Drone  
  47  3:43  Drone  
  47  3:45  Drone  
  47  3:46  Drone  
  47  3:48  Drone  
  52  3:52  Overlord  
  52  3:58  Queen  
  52  3:59  Drone  
  52  4:00  Drone  
  52  4:01  Drone  
  57  4:05  Drone  
  57  4:08  Drone  
  57  4:09  Evolution Chamber  
  58  4:16  Zergling x2, Queen  
  61  4:18  Overlord  
  61  4:20  Zergling x2  
  61  4:22  Zergling x4  
  64  4:27  Drone  
  64  4:28  Overlord  
  65  4:36  Queen  
  65  4:37  Drone  
  67  4:39  Overlord  
  67  4:41  Drone  
  67  4:43  Zerg Ground Armor Level 1  
  68  4:48  Queen  
  68  4:49  Zergling x2  
  68  4:50  Zergling x2  
  72  4:53  Zergling x4  
  72  4:56  Zergling x4  
  76  5:00  Drone  
  76  5:02  Drone  
  76  5:03  Drone  
  79  5:08  Overlord  
  79  5:09  Drone x2  
  79  5:11  Drone x2  
  79  5:12  Drone  
  79  5:13  Drone  
  85  5:14  Drone  
  85  5:15  Drone  
  85  5:19  Lair  
  87  5:21  Queen  
  87  5:25  Zergling x4  
  91  5:29  Zergling x8  
  95  5:36  Baneling Nest  
  95  5:37  Drone, Hatchery, Extractor  
  95  5:39  Drone x2  
  95  5:41  Drone x2  
  95  5:42  Drone  
  96  5:44  Drone  
  96  5:48  Drone  
  96  5:49  Overlord, Evolution Chamber  
  97  5:50  Drone x2  
  97  5:53  Drone  
  101  6:04  Zergling x6  
  101  6:06  Extractor  
  101  6:07  Zergling x2  
  101  6:09  Zergling x6  
  101  6:10  Queen  
  108  6:11  Hatchery  
  108  6:15  Overlord  
  108  6:16  Zergling x2  
  108  6:20  Baneling x9  
  108  6:21  Zergling x8  
  109  6:29  Zergling x6  
  108  6:33  Drone  
  108  6:39  Drone x4  
  110  6:42  Zerg Melee Weapons Level 1  
  110  6:46  Burrow, Overlord  
  105  6:48  Drone x3  
  105  6:49  Drone  
  109  6:55  Hatchery  
  109  6:57  Centrifugal Hooks  
  109  6:58  Zergling x2  
  109  7:02  Zergling x4  
  109  7:03  Zergling x2  
  109  7:05  Zergling x4  
  109  7:08  Drone  
  115  7:10  Drone  
  115  7:14  Extractor  
  115  7:15  Overlord  
  115  7:16  Zergling x6  
  115  7:22  Drone  
  119  7:24  Drone x4  
  119  7:27  Drone x2  
  119  7:28  Overlord  
  119  7:29  Zergling x2  
  126  7:30  Zerg Ground Armor Level 2  
  126  7:33  Zergling x2  
  126  7:36  Drone x3  
  131  7:37  Drone  
  131  7:42  Overlord  
  131  7:43  Zergling x4  
  132  7:45  Zergling x4  
  132  7:48  Spore Crawler  
  132  7:49  Zergling x2  
  132  7:50  Zergling x2  
  135  7:55  Drone x2  
  135  7:56  Drone  
  135  7:57  Zergling x6, Hatchery  
  135  7:58  Zergling x2  
  138  8:00  Baneling x8  
  138  8:07  Zergling x4  
  138  8:09  Zergling x6  
  139  8:14  Zergling x12  
  139  8:17  Drone  
  139  8:18  Drone, Queen  
  149  8:21  Baneling x7  
  149  8:22  Zergling x4, Spore Crawler  
  149  8:26  Overlord  
  150  8:28  Zergling x8  
  150  8:29  Zergling x2  
  154  8:39  Zergling x8  
  154  8:40  Zergling x2  
  157  8:42  Overlord x2  
  157  8:45  Zergling x16  
  155  8:49  Baneling x6  
  155  8:50  Drone x3  
  155  8:53  Zergling x4  
  155  8:54  Zergling x2  
  161  8:56  Zergling x2, Extractor  
  161  8:57  Zerg Melee Weapons Level 2  
  161  8:59  Zergling x6, Hatchery  
  161  9:00  Baneling x3  
  162  9:03  Zergling x2  
  162  9:04  Zergling x2  
  162  9:08  Zergling x4  
  162  9:09  Baneling x2  
  165  9:15  Zergling x4  
  167  9:18  Zergling x2  
  167  9:22  Baneling x7  
  166  9:24  Zergling x2  
  166  9:25  Zergling x12  
  166  9:28  Overlord x2  
  166  9:30  Hatchery  
  172  9:36  Zergling x2, Overlord  
  170  9:39  Overlord  
  170  9:40  Zergling x12  
  170  9:43  Hatchery  
  168  9:48  Baneling x12  
  168  9:50  Zergling x22  
  171  9:54  Overlord x2  
  171  9:56  Overlord  
  171  9:57  Zergling x2  
  171  9:58  Zergling x2  
  165  10:06  Overlord  
  139  10:14  Zergling x4  
  139  10:15  Zergling x6, Baneling x2  
  139  10:16  Baneling  
  139  10:27  Zergling x6  
  129  10:32  Baneling x6  
  129  10:35  Baneling x6  
  125  10:37  Zergling x4  
  125  10:38  Zergling x2  
  128  10:46  Zergling x2  
  128  10:47  Zergling x4  
  127  10:52  Zergling x2  
  127  10:53  Zergling x2  
  113  10:57  Zergling x2  
  113  11:00  Queen  
  113  11:02  Zergling x2  
  111  11:08  Zergling x2  
  111  11:09  Zergling x4  
  106  11:12  Baneling x11  
  106  11:14  Zergling x6  
  106  11:17  Zergling x6  
  106  11:18  Zergling x4  
  111  11:19  Zergling x2  
  111  11:20  Zergling x2  
  111  11:21  Zergling x2  
  111  11:24  Zergling x2  
  110  11:26  Zergling x6  
  110  11:30  Zergling x2  
  110  11:31  Zergling x2  
  98  11:33  Zergling x6  
  98  11:37  Zergling x6  
Tags
 
Add a new tag
Caveats
  • Supply blocks, unpowered buildings, or Contaminate may cause inaccurate times.
  • Supply counts are checked every 10 seconds.